 Dungeon Crawl Stone Soup version 0.31-a0-968-g24f9ace8b5 (webtiles) character file.

Game seed: 12520622081446848667

33187 senseless the Cleaver (level 13, -18/122 HPs)
             Began as a Hill Orc Fighter on Oct 27, 2023.
             Was a High Priest of Beogh.
             Demolished by a reaper
             ... wielding a +0 scythe of freezing
              (31 damage)
             ... in an ice cave on Oct 30, 2023.
             The game lasted 00:41:13 (12719 turns).

senseless the Cleaver (Hill Orc Fighter)           Turns: 12719, Time: 00:41:13

Health: -18/122    AC: 23    Str: 24    XL:     13   Next: 69%
Magic:  22/22      EV: 10    Int: 14    God:    Beogh [*****.]
Gold:   539        SH:  7    Dex: 10    Spells: 12/12 levels left

rFire   + . .        A - +8 mithril axe "Arga" {speed, Will+}
rCold   + + .        c - +1 buckler
rNeg    . . .        w - +7 Kryia's mail coat {PotionHeal*2 rC+}
rPois   .            (no helmet)
rElec   +            Z - scarf {rC+ rF+}
rCorr   .            k - +1 pair of gloves of Idealism {Slay+2}
SInv    .            D - +3 pair of seven-league boots {Rampage+∞}
Will    +....        j - amulet of regeneration
Stlth   +            O - +4 ring of slaying
HPRegen 1.20/turn    J - ring of Jakimula {Drain Fly rElec Int+6 Stlth+}
MPRegen 0.18/turn

%: rampage+∞
@: mighty, flying
A: walk on water
a: Renounce Religion, Smiting, Recall Orcish Followers, Give Item to Named
Follower


You were in an ice cave.
You worshipped Beogh.
Beogh was extremely pleased with you.
You visited 1 branch of the dungeon, and saw 14 of its levels.
You also visited: Bailey, Gauntlet and Ice Cave.

You collected 1295 gold pieces.
You spent 756 gold pieces at shops.

Inventory:

Hand Weapons
 a - a +1 war axe
 A - the +8 mithril axe "Arga" (weapon) {speed, Will+}
   (You found it on level 7 of the Dungeon)

   Will+:     It increases your willpower.
 Q - a +0 lajatang of venom
Missiles
 i - a throwing net
 R - 2 silver javelins
Armour
 c - a +1 buckler (worn)
 k - the +1 pair of gloves of Idealism (worn) {Slay+2}
   (You found it in a Gauntlet)

   Slay+2:    It affects your accuracy & damage with ranged weapons and melee
   (+2).
 v - a +0 pair of boots
 w - the +7 Kryia's mail coat (worn) {PotionHeal*2 rC+}
   (You found it on level 4 of the Dungeon)

   PotionHeal*2: Potions heal its wearer twice as much.
   rC+:       It protects you from cold.
 D - the +3 pair of seven-league boots (worn) {Rampage+∞}
   (You bought it in a shop on level 3 of the Dungeon)

   Rampage+∞: When moving toward enemies, its wearer moves as far as possible,
   alerting their target en route.
 F - a +0 pair of gloves
 N - a +2 ring mail of poison resistance
 S - a +0 plate armour
 U - a +0 cloak of willpower
 W - a +2 robe of fire resistance
 Z - a scarf of resistance (worn)
Magical Staves
 X - a staff of cold
Jewellery
 j - an amulet of regeneration (around neck)
 o - an amulet of guardian spirit
 E - a ring of ice
 J - the ring of Jakimula (right hand) {Drain Fly rElec Int+6 Stlth+}
   (You found it on level 11 of the Dungeon)

   [ring of intelligence]

   Int+6:     It affects your intelligence (+6).
   rElec:     It insulates you from electricity.
   Fly:       It grants you flight.
   Drain:     It drains your maximum health when unequipped.
   Stlth+:    It makes you more stealthy.
 O - a +4 ring of slaying (left hand)
 P - the ring of Vodoggua {Str+6 SInv}
   (You took it off a minotaur in a Gauntlet)

   [ring of see invisible]

   Str+6:     It affects your strength (+6).
   SInv:      It lets you see invisible.
Talismans
 n - a beast talisman
Wands
 y - a wand of polymorph (12)
 B - a wand of flame (14)
 I - a wand of roots (10)
 V - a wand of charming (3)
Scrolls
 g - 3 scrolls of silence
 l - a scroll of revelation
 p - a scroll of noise
 q - a scroll of blinking
 t - 8 scrolls of teleportation
 x - 4 scrolls of fear
 C - a scroll of enchant weapon
 K - a scroll of vulnerability
 L - 2 scrolls of identify
 M - a scroll of fog
 T - a scroll of acquirement {unknown}
Potions
 b - 4 potions of brilliance
 d - a potion of might
 e - 4 potions of mutation
 f - 2 potions of curing
 h - 3 potions of ambrosia
 m - 2 potions of haste
 r - a potion of lignification
 s - 3 potions of attraction
 u - a potion of heal wounds
 z - 3 potions of invisibility
 G - 2 potions of enlightenment
 H - a potion of berserk rage
Miscellaneous
 Y - a phial of floods


   Skills:
 + Level 13.0 Fighting
 + Level 13.8 Axes
 + Level 12.0 Armour
 + Level 12.0 Shields
 + Level 13.1 Invocations


You had 12 spell levels left.
You didn't know any spells.
Your spell library contained the following spells:

 Spells                   Type           Power      Damage    Failure   Level
 Kiss of Death            Conj/Necr      0%         2d5       54%         1
 Sandblast                Erth           0%         2d4       54%         1
 Jinxbite                 Hex            0%         N/A       69%         2
 Passwall                 Tmut/Erth      0%         N/A       69%         2
 Poisonous Vapours        Pois/Air       0%         N/A       69%         2
 Scorch                   Fire           0%         2d5       69%         2
 Confusing Touch          Hex            0%         N/A       89%         3
 Stone Arrow              Conj/Erth      0%         3d7       89%         3
 Tukima's Dance           Hex            0%         N/A       89%         3
 Anguish                  Hex/Necr       0%         N/A       100%        4
 Brom's Barrelling Bould  Conj/Erth      0%         2d3       100%        4
 Dimensional Bullseye     Hex/Tloc       0%         N/A       100%        4
 Dispel Undead            Necr           0%         3d6       100%        4
 Flame Wave               Conj/Fire      0%         2d4       100%        4
 Olgreb's Toxic Radiance  Pois           0%         N/A       100%        4
 Passage of Golubria      Tloc           0%         N/A       100%        4
 Iskenderun's Battlesphe  Conj           0%         2d6       100%        5
 Yara's Violent Unravell  Hex/Tmut       0%         3d3       100%        5
 Bombard                  Conj/Erth      0%         9d1       100%        6
 Summon Cactus Giant      Summ           0%         N/A       100%        6
 Spellforged Servitor     Conj/Summ      0%         N/A       100%        7
 Infestation              Necr           0%         N/A       100%        8


Dungeon Overview and Level Annotations

Branches:
Dungeon (14/15)            Temple (0/1) D:5            Lair (0/5) D:8
    Orc (0/2) D:9          Vaults (0/5) D:13         Bailey (visited)
  IceCv (1/1)             Gauntlet (visited)

Altars:
Elyvilon
Gozag
Hepliaklqana
Kikubaaqudgha
Okawaru
Qazlal
Ru
Uskayaw
Xom
Yredelemnul
Beogh

Shops:
D:3 [   D:5 (   D:10 *


Message History

You slice the minotaur simulacrum!!
The minotaur simulacrum is almost destroyed.
The minotaur simulacrum hits you.
* * * LOW HITPOINT WARNING * * *
The minotaur simulacrum freezes you. You resist.
* * * LOW HITPOINT WARNING * * *
The minotaur simulacrum gores you!
* * * LOW HITPOINT WARNING * * *
The minotaur simulacrum freezes you! You resist.
* * * LOW HITPOINT WARNING * * *
You hit the minotaur simulacrum.
The minotaur simulacrum vaporises!
Beogh accepts your kill.
Your Shields skill increases to level 12!
You are engulfed in freezing vapours.
You resist.
* * * LOW HITPOINT WARNING * * *
You are engulfed in freezing vapours.
You resist.
* * * LOW HITPOINT WARNING * * *
You start resting.
A reaper is nearby!
You slash the reaper!
The reaper is heavily wounded.
You block the reaper's attack.
You hit the reaper but do no damage.
The reaper is heavily wounded.
The reaper hits you but does no damage. x2
The reaper hits you from afar with a +0 scythe of freezing.
* * * LOW HITPOINT WARNING * * *
The reaper attacks as it pursues you!
The reaper hits you from afar with a +0 scythe of freezing!
* * * LOW HITPOINT WARNING * * *
The +7 Kryia's mail coat enhances the healing.
You feel much better.
The reaper hits you from afar with a +0 scythe of freezing!!
* * * LOW HITPOINT WARNING * * *
The reaper freezes you.
* * * LOW HITPOINT WARNING * * *
You feel very mighty all of a sudden.
The reaper hits you from afar with a +0 scythe of freezing!!
You die...

#### ##.#.#### ####
##.......# #### ##..#
#.......####..#####....
#........##....##......
#...........#.......∩.∩
##......2..###.........
#......2#§☼§##..##....
#....@.###§☼#######..#
#.......##§§# ####
##.....##.§##
##....###§§### ##..##
##...## ##...# #.....##
#...## ##..2...#
##..####..2....#
####§.##.##§.##...#


You could see 2 reapers.

Vanquished Creatures
  A very ugly thing (IceCv)
  A minotaur (Gauntlet)
  A centaur warrior (D:13)
  2 vault guards (Bailey)
  Erolcha (D:11)
  A two-headed ogre (D:13)
  A death scarab (Gauntlet)
  Lodul (D:11)
  Amaemon (D:11)
  2 skeletal warriors (D:11)
  An orange crystal statue (IceCv)
  An obsidian statue (IceCv)
  2 spriggan simulacra (IceCv)
  2 ugly things (D:13)
  A worldbinder (Gauntlet)
  2 cyclopes
  A manticore (D:12)
  An orange demon (D:11)
  2 gargoyles (D:12)
  A rime drake (shapeshifter) (D:13)
  An efreet (D:13)
  A yaktaur (D:13)
  An unseen horror (D:13)
  A komodo dragon (D:11)
  A kobold demonologist (D:10)
  An anaconda simulacrum (IceCv)
  12 freezing wraiths
  4 ice devils (IceCv)
  2 trolls
  Prince Ribbit (Bailey)
  4 hornets
  An alligator simulacrum (IceCv)
  4 slime creatures (D:12)
  A spectral black mamba (Gauntlet)
  A wyvern (D:10)
  2 dire elephant simulacra (IceCv)
  5 flying skulls (Gauntlet)
  2 vampires (D:13)
  4 yaks
  A wraith (D:11)
  6 humans (Bailey)
  A steam dragon (D:8)
  2 vampire mosquitoes (D:12)
  A harpy simulacrum (IceCv)
  4 minotaur simulacra (IceCv)
  2 acid dragons
  3 water moccasins (D:8)
  Duvessa (D:4)
  4 ice beasts
  A sky beast (D:6)
  2 orc warriors (D:9)
  2 ogres (D:11)
  3 black bears
  2 boggarts (Gauntlet)
  8 centaurs
  2 phantoms
  13 bullfrogs
  2 kobold brigands (D:10)
  5 scorpions
  A deep troll simulacrum (IceCv)
  4 wights
  Dowan (D:4)
  A lindwurm simulacrum (IceCv)
  24 killer bees
  A troll skeleton (D:9)
  5 howler monkeys
  5 spriggan skeletons (D:9)
  A hound (D:5)
  5 jellies
  3 orc priests
  A sleepcap (D:5)
  6 orc wizards
  2 iguanas
  8 adders
  A shadow imp (D:6)
  3 white imps
  4 ufetubi (D:5)
  6 dart slugs
  24 orcs
  9 ball pythons
  8 bats
  4 endoplasms
  6 giant cockroaches
  6 goblins
  11 hobgoblins
  2 jackals (D:2)
  3 quokkas
  3 training dummies (D:5)
  6 kobolds
  3 rats (D:2)
307 creatures vanquished.

Vanquished Creatures (collateral kills)
  A centaur warrior (D:13)
  A two-headed ogre (D:11)
  2 skeletal warriors (D:11)
  An ugly thing (D:11)
  A manticore (D:11)
  An unseen horror (D:9)
  A komodo dragon (D:11)
  A slime creature (D:12)
  A shadow (D:13)
  A wraith (D:11)
  A yak (D:10)
  A vampire mosquito (D:12)
  An acid dragon (D:11)
  An orc warrior (D:9)
  7 ogres (D:11)
  A bullfrog (D:9)
  4 wights (D:10)
  A killer bee (D:9)
  3 howler monkeys
  3 orc priests
  10 orcs
  3 kobolds (D:10)
47 creatures vanquished.

Vanquished Creatures (others)
  3 orc warriors (D:11)
  An orc priest (D:10)
  2 orc wizards
  28 orcs
  2 bats (D:3)
  2 goblins (D:3)
  A kobold (D:3)
39 creatures vanquished.

Grand Total: 393 creatures vanquished

Notes
Turn   | Place    | Note
-------+----------+-------------------------------------------
     0 | D:1      | senseless the Hill Orc Fighter began the quest for the Orb.
     0 | D:1      | Reached XP level 1. HP: 19/19 MP: 1/1
    83 | D:1      | Reached XP level 2. HP: 27/27 MP: 2/2
   516 | D:2      | Reached XP level 3. HP: 33/33 MP: 3/3
  1244 | D:3      | Noticed a bullfrog
  1251 | D:3      | Reached XP level 4. HP: 28/40 MP: 4/4
  1257 | D:3      | Killed a bullfrog
  1258 | D:3      | Reached XP level 5. HP: 28/47 MP: 5/5
  1288 | D:3      | Became a worshipper of Beogh the Brigand
  1442 | D:3      | Found Xufon's Antique Armour Boutique.
  1446 | D:3      | Bought a pair of boots for 76 gold pieces
  1555 | D:3      | Reached skill level 1 in Invocations
  1652 | D:3      | Noticed an ice beast
  1671 | D:3      | Killed an ice beast
  1672 | D:3      | Reached skill level 5 in Fighting
  1672 | D:3      | Reached XP level 6. HP: 49/56 MP: 5/7
  2187 | D:4      | Found an ancient bone altar of Kikubaaqudgha.
  2214 | D:4      | Noticed Duvessa
  2221 | D:4      | Noticed Dowan
  2230 | D:4      | Killed Duvessa
  2235 | D:4      | Killed Dowan
  2236 | D:4      | Reached skill level 5 in Axes
  2236 | D:4      | Reached XP level 7. HP: 17/61 MP: 8/8
  2308 | D:4      | Found a white marble altar of Elyvilon.
  2402 | D:4      | Found a shimmering altar of Xom.
  2410 | D:4      | Reached skill level 5 in Armour
  2410 | D:4      | Reached skill level 5 in Shields
  2530 | D:4      | Reached * piety under Beogh
  2532 | D:4      | Found the +7 Kryia's mail coat {PotionHeal*2 rC+}
  2879 | D:5      | Entered Level 5 of the Dungeon
  2879 | D:5      | Found a staircase to the Ecumenical Temple.
  3037 | D:5      | Reached XP level 8. HP: 64/70 MP: 10/10
  3316 | D:5      | Found Mowep's Firing Range.
  3370 | D:5      | Found a hazy altar of Hepliaklqana.
  4217 | D:6      | Found an opulent altar of Gozag.
  4355 | D:6      | Reached skill level 5 in Invocations
  4680 | D:6      | Found a basalt altar of Yredelemnul.
  4751 | D:7      | Found the +8 mithril axe "Arga" {speed, Will+}
  4751 | D:7      | Found a flagged portal.
  4763 | D:7      | Reached XP level 9. HP: 79/79 MP: 13/13
  4772 | Bailey   | Entered a bailey
  4890 | Bailey   | Reached ** piety under Beogh
  4957 | Bailey   | Noticed Prince Ribbit
  4957 | Bailey   | Noticed a vault guard
  4973 | Bailey   | Killed a vault guard
  4978 | Bailey   | Killed Prince Ribbit
  4979 | Bailey   | Reached XP level 10. HP: 53/90 MP: 15/15
  5044 | Bailey   | Noticed a vault guard
  5063 | Bailey   | Killed a vault guard
  5466 | D:7      | Identified the +0 leather armour of Entitlement {Str+2
                  | Int+4 Dex+3}
  5644 | D:8      | Identified the "Duciduc"
  5806 | D:8      | Found a staircase to the Lair.
  5816 | D:8      | Reached *** piety under Beogh
  6505 | D:8      | Noticed a cyclops
  6513 | D:8      | Killed a cyclops
  6514 | D:8      | Reached skill level 10 in Axes
  6665 | D:9      | Reached XP level 11. HP: 97/97 MP: 17/17
  6776 | D:9      | Reached **** piety under Beogh
  6859 | D:9      | Found a hide-covered altar of Uskayaw.
  7021 | D:9      | Reached skill level 10 in Fighting
  7055 | D:9      | Found a roughly hewn altar of Beogh.
  7073 | D:9      | Gained Orgrim as an ally
  7128 | D:9      | Found a stormy altar of Qazlal.
  7201 | D:9      | Found a sacrificial altar of Ru.
  7246 | D:9      | Gained Learuk as an ally
  7290 | D:9      | Found a staircase to the Orcish Mines.
  8002 | D:10     | Entered Level 10 of the Dungeon
  8220 | D:10     | Found an iron altar of Okawaru.
  8257 | D:10     | Found Omosuap's Assorted Antiques.
  8798 | D:11     | Noticed Amaemon
  8807 | D:11     | Killed Amaemon
  8808 | D:11     | Reached skill level 10 in Invocations
  8830 | D:11     | Noticed a skeletal warrior
  8830 | D:11     | Noticed a skeletal warrior
  8839 | D:11     | Killed a skeletal warrior
  8839 | D:11     | Noticed a skeletal warrior
  8840 | D:11     | Noticed a skeletal warrior
  8850 | D:11     | Killed a skeletal warrior
  8850 | D:11     | Killed a skeletal warrior
  8852 | D:11     | Killed a skeletal warrior
  8875 | D:11     | Noticed a manticore
  8876 | D:11     | Noticed a cyan ugly thing
  8884 | D:11     | Killed a cyan ugly thing
  8886 | D:11     | Killed a manticore
  8887 | D:11     | Reached skill level 10 in Armour
  8902 | D:11     | Noticed Erolcha
  8903 | D:11     | Noticed Lodul
  8906 | D:11     | Noticed a two-headed ogre
  8910 | D:11     | Gained Bogbrand as an ally
  8911 | D:11     | Reached skill level 10 in Shields
  8914 | D:11     | Killed Lodul
  8915 | D:11     | Reached XP level 12. HP: 69/108 MP: 18/20
  8923 | D:11     | Killed Erolcha
  8928 | D:11     | Reached ***** piety under Beogh
  8929 | D:11     | Killed a two-headed ogre
  9240 | D:3      | Bought the +3 pair of seven-league boots {Rampage+∞} for
                  | 680 gold pieces
  9240 | D:3      | Found the +3 pair of seven-league boots {Rampage+∞}
  9471 | D:11     | Identified the ring of Jakimula {Drain Fly rElec Int+6
                  | Stlth+}
 10183 | D:12     | Gained Argrim as an ally
 10416 | D:12     | Gained Orik as an ally
 11040 | D:13     | Noticed a two-headed ogre
 11046 | D:13     | Killed a two-headed ogre
 11065 | D:13     | Killed a centaur warrior
 11330 | D:13     | Noticed a centaur warrior
 11333 | D:13     | Killed a centaur warrior
 11448 | D:13     | Found a gate to the Vaults.
 11601 | Gauntlet | Identified the of Sarayvah
 11619 | D:14     | Found a gate leading to a gauntlet.
 11628 | Gauntlet | Entered a Gauntlet
 11628 | Gauntlet | Found a transporter.
 11628 | Gauntlet | Found a transporter.
 11628 | Gauntlet | Found a transporter.
 11628 | Gauntlet | Found a transporter.
 11649 | Gauntlet | Found a transporter.
 11654 | Gauntlet | Noticed a wretched star
 11669 | Gauntlet | Found a transporter.
 11701 | Gauntlet | Found a transporter.
 11704 | Gauntlet | Noticed a death scarab
 11707 | Gauntlet | Found a transporter.
 11708 | Gauntlet | Found a transporter.
 11728 | Gauntlet | Found a transporter.
 11743 | Gauntlet | Found a transporter.
 11769 | Gauntlet | Found a transporter.
 11839 | Gauntlet | Reached XP level 13. HP: 118/118 MP: 22/22
 11929 | Gauntlet | Identified the +1 pair of gloves of Idealism {Slay+2}
 12038 | Gauntlet | Identified the ring of Vodoggua {Str+6 SInv}
 12038 | Gauntlet | Noticed a minotaur
 12043 | Gauntlet | Killed a minotaur
 12079 | D:14     | Found a frozen archway.
 12102 | IceCv    | Entered an ice cave
 12399 | IceCv    | Noticed a white very ugly thing
 12406 | IceCv    | HP: 4/119 [white very ugly thing (16)]
 12411 | IceCv    | HP: 3/119 [white very ugly thing (24)]
 12412 | IceCv    | Killed a white very ugly thing
 12632 | IceCv    | Noticed a reaper
 12652 | IceCv    | Noticed a reaper
 12719 | IceCv    | Demolished by a reaper

Illustrated notes

Levels and vault maps discovered:
D:1:      ncdulo_smallfort, layout_rooms
D:2:      layout_basic
D:3:      minmay_inner_zag, layout_basic, serial_shops, shop_statue
D:4:      layout_loops_ring, kennysheep_mini_moat, lemuel_doored_altar,
          dk_xom_monty_hall, uniq_duvessa
D:5:      layout_basic, nzn_hepliaklqana_mist_gate,
          minmay_temple_entry_gardened_gates, nicolae_shop_firing_range
D:6:      layout_basic, mainiacjoe_overflow_alcove_4, amcnicky_altar_gilded
D:7:      layout_loops_ring, serial_glass, glass_columns_a, glass_columns_b,
          enter_bailey_2
D:8:      layout_loops_ring, due_lair_maze_entry_diamond
D:9:      layout_roguey [special_room_orc], grunt_qazlal_clouds,
          nicolae_ru_the_path_less_chosen, mainiacjoe_overflow_catwalk,
          hiddenorc2_lemuel, hangedman_tell_no_tales
D:10:     layout_roguey, okawaru_gym_becter, serial_shops, shop
D:11:     layout_rooms, uniq_amaemon, uniq_erolcha, uniq_lodul
D:12:     minmay_connected_triangles_in_corner, layout_loops_ring,
          kennysheep_flooded_box
D:13:     layout_basic, hellmonk_vaults_attempted_burglary
D:14:     layout_long_grid, gauntlet_entry_generic, minmay_stone_trees_small,
          portal_ice_cave_entry_frozen_things, nicolae_twisty_statue_hallways,
          uniq_jorgrun
IceCv:    ice_cave_small_demon

Skill      XL: |  1  2  3  4  5  6  7  8  9 10 11 12 13 |
---------------+----------------------------------------+-----
Axes           | 3 4 5 7 8 10 11 12 13 | 13.8
Fighting       | 4 5 6 7 8 9 10 12 13 | 13.0
Armour         | 4 5 6 7 8 10 11 12 | 12.0
Shields        | 4 5 6 7 8 10 11 12 | 12.0
Invocations    | 1 2 3 5 7 9 10 12 13 | 13.1

Action                     |  1- 3 |  4- 6 |  7- 9 | 10-12 | 13-15 || total
---------------------------+-------+-------+-------+-------+-------++-------
  Melee: War axe           |    94 |    87 |   237 |       |       ||   418
         Broad axe         |       |       |    49 |   461 |   188 ||   698
 Invoke: Convert to Beogh  |       |     1 |       |       |       ||     1
         Give Item to Name |       |       |       |     2 |       ||     2
         Recall Orcish Fol |       |       |       |     1 |       ||     1
         Smiting           |       |       |       |       |     1 ||     1
    Use: Scroll            |       |       |    13 |    12 |     2 ||    27
         Potion            |       |       |       |       |     7 ||     7
   Stab: Distracted        |       |       |       |     2 |       ||     2
 Armour: Scale mail        |    33 |       |   205 |   310 |   168 ||   716
         Chain mail        |    30 |    71 |    24 |       |       ||   125
  Dodge: Dodged            |    41 |    34 |   134 |   135 |    46 ||   390
  Block: Buckler           |    18 |    16 |    89 |   123 |    42 ||   288

Table legend: (Time is in decaauts)
 A = Elapsed time spent in this place.
 B = Non-inter-level travel time spent in this place.
 C = Inter-level travel time spent in this place.
 D = Time resting spent in this place.
 E = Time spent auto-exploring this place.
 F = Levels seen in this place.
 G = Mean time per level.
                   A        B        C        D        E       F      G
               +--------+--------+--------+--------+--------+-----+--------+
         Total |  12680 |  11857 |    823 |   1242 |   8428 |  17 |  745.9 |
       Dungeon |  11284 |  10461 |    823 |    945 |   7745 |  14 |  806.0 |
        Bailey |    376 |    376 |      0 |    100 |    172 |   1 |  376.0 |
      Ice Cave |    580 |    580 |      0 |    184 |    223 |   1 |  580.0 |
      Gauntlet |    438 |    438 |      0 |     12 |    286 |   1 |  438.0 |
               +--------+--------+--------+--------+--------+-----+--------+

Top non-repeatable levels by time:
     D:9: 1423 daAuts
     D:6: 1248 daAuts
     D:3: 1113 daAuts
    D:12: 1003 daAuts
     D:8: 932 daAuts
    D:10: 824 daAuts
     D:5: 823 daAuts
     D:2: 791 daAuts
     D:4: 765 daAuts
    D:11: 742 daAuts
   IceCv: 580 daAuts
    D:13: 579 daAuts
     D:7: 525 daAuts
     D:1: 449 daAuts
Gauntlet: 438 daAuts
